TOP OF THE 1ST |
Colorado Rockies batting - Pitching for Philadelphia Phillies : LHP Caleb Smith
|
Pitching: LHP Caleb Smith
|
|
Batting: RHB Orlando Arcia
|
0-0: Ball 1-0: Called Strike 1-1: Foul Ball, location: 2F 1-2: Ball 2-2: Ball 3-2: Base on Balls
|
Batting: SHB Victor Reyes
|
0-0: SINGLE (Flyball, 3D, EV 98.1 MPH) Orlando Arcia to second Orlando Arcia to third
|
Batting: LHB Shohei Ohtani
|
0-0: Ball 1-0: Swinging Strike 1-1: Ground out 4-3 (Groundball, 3, EV 84.4 MPH) Orlando Arcia scores Victor Reyes to second
|
Batting: LHB Josh VanMeter
|
0-0: Fly out, F5 (Popup, 5S, EV 86.3 MPH)
|
Batting: RHB Michael Brosseau
|
0-0: Swinging Strike 0-1: Ball 1-1: Foul Ball, location: 2F 1-2: Ball 2-2: Strikes out looking
|
Top of the 1st over - 1 run, 1 hit, 0 errors, 1 left on base; Colorado 1 - Philadelphia 0 |
BOTTOM OF THE 1ST |
Philadelphia Phillies batting - Pitching for Colorado Rockies : RHP Steven Wright
|
Pitching: RHP Steven Wright
|
|
Batting: RHB A.J. Pollock
|
0-0: Ball 1-0: Ball 2-0: Called Strike 2-1: Foul Ball, location: 2F 2-2: SOLO HOME RUN (Flyball, 7LD, EV 93.1 MPH), Distance : 346 ft
|
Batting: RHB Wilmer Flores
|
0-0: Ball 1-0: Ball 2-0: Ball 3-0: Base on Balls
|
Batting: SHB Ketel Marte
|
0-0: Foul Ball, location: 2F 0-1: Ball 1-1: Foul Ball, location: 2F 1-2: Foul Ball, location: 2F 1-2: Ball 2-2: Ball 3-2: Fielders Choice at 2nd, 3-6 (Groundball, 3, EV 102.5 MPH)
|
Batting: RHB Justin Turner
|
0-0: Ball 1-0: Ball 2-0: Grounds into double play, 6-4-3 (Groundball, 6, EV 108.1 MPH)
|
Bottom of the 1st over - 1 run, 1 hit, 0 errors, 0 left on base; Colorado 1 - Philadelphia 1 |
TOP OF THE 2ND |
Colorado Rockies batting - Pitching for Philadelphia Phillies : LHP Caleb Smith
|
Batting: RHB Miguel Cabrera
|
0-0: Ball 1-0: Called Strike 1-1: Ball 2-1: Foul Ball, location: 2F 2-2: Strikes out looking
|
Batting: RHB Jake Rogers
|
0-0: Ball 1-0: Ball 2-0: Called Strike 2-1: Ball 3-1: Ground out 6-3 (Groundball, 6, EV 101.9 MPH)
|
Batting: RHB Jorge Mateo
|
0-0: Ball 1-0: Ball 2-0: Called Strike 2-1: Called Strike 2-2: Fly out, F9 (Line Drive, 9D, EV 110.6 MPH)
|
Top of the 2nd over - 0 runs, 0 hits, 0 errors, 0 left on base; Colorado 1 - Philadelphia 1 |
BOTTOM OF THE 2ND |
Philadelphia Phillies batting - Pitching for Colorado Rockies : RHP Steven Wright
|
Batting: RHB Giancarlo Stanton
|
0-0: Ground out 1-3 (Groundball, 15S, EV 60.6 MPH)
|
Batting: LHB David Peralta
|
0-0: Foul Ball, location: 2F 0-1: Fly out, F8 (Line Drive, 8LD, EV 92.5 MPH)
|
Batting: RHB Carson Kelly
|
0-0: Ball 1-0: Ball 2-0: Foul Ball, location: 2F 2-1: Ball 3-1: Called Strike 3-2: Foul Ball, location: 2F 3-2: SINGLE (Groundball, 56D, EV 98.8 MPH)
|
Batting: RHB Scott Kingery
|
0-0: Ball 1-0: Ball 2-0: Ball 3-0: Called Strike 3-1: Swinging Strike 3-2: Foul Ball, location: 2F 3-2: Strikes out looking
|
Bottom of the 2nd over - 0 runs, 1 hit, 0 errors, 1 left on base; Colorado 1 - Philadelphia 1 |
TOP OF THE 3RD |
Colorado Rockies batting - Pitching for Philadelphia Phillies : LHP Caleb Smith
|
Batting: RHB Steven Wright
|
0-0: Ball 1-0: Ground out 6-3 (Groundball, 6, EV 84.4 MPH)
|
Batting: RHB Orlando Arcia
|
0-0: Swinging Strike 0-1: Ball 1-1: Ball 2-1: Ball 3-1: Called Strike 3-2: Strikes out swinging
|
Batting: SHB Victor Reyes
|
0-0: Called Strike 0-1: Ground out 4-3 (Groundball, 4M, EV 83.1 MPH)
|
Top of the 3rd over - 0 runs, 0 hits, 0 errors, 0 left on base; Colorado 1 - Philadelphia 1 |
BOTTOM OF THE 3RD |
Philadelphia Phillies batting - Pitching for Colorado Rockies : RHP Steven Wright
|
Batting: RHB Caleb Smith
|
0-0: Swinging Strike 0-1: Ball 1-1: Foul Ball, location: 2F 1-2: Foul Ball, location: 2F 1-2: Strikes out looking
|
Batting: RHB A.J. Pollock
|
0-0: DOUBLE (Flyball, 8LXD, EV 108.8 MPH)
|
Batting: RHB Wilmer Flores
|
0-0: Called Strike 0-1: Ground out 5-3 (Groundball, 56S, EV 83.1 MPH)
|
Batting: SHB Ketel Marte
|
0-0: Ball 1-0: SINGLE (Line Drive, 8LS, EV 111.3 MPH) A.J. Pollock to third
|
Batting: RHB Justin Turner
|
0-0: Ground out U3 (Groundball, 3S, EV 94.4 MPH)
|
Bottom of the 3rd over - 0 runs, 2 hits, 0 errors, 2 left on base; Colorado 1 - Philadelphia 1 |
TOP OF THE 4TH |
Colorado Rockies batting - Pitching for Philadelphia Phillies : LHP Caleb Smith
|
Batting: LHB Shohei Ohtani
|
0-0: Ball 1-0: Ball 2-0: Fly out, F6 (Flyball, 6D, EV 73.1 MPH)
|
Batting: LHB Josh VanMeter
|
0-0: Ball 1-0: Called Strike 1-1: Foul Ball, location: 2F 1-2: Ball 2-2: Strikes out looking
|
Batting: RHB Michael Brosseau
|
0-0: Ball 1-0: Swinging Strike 1-1: Swinging Strike 1-2: Strikes out swinging
|
Top of the 4th over - 0 runs, 0 hits, 0 errors, 0 left on base; Colorado 1 - Philadelphia 1 |
BOTTOM OF THE 4TH |
Philadelphia Phillies batting - Pitching for Colorado Rockies : RHP Steven Wright
|
Batting: RHB Giancarlo Stanton
|
0-0: Ball 1-0: DOUBLE (Line Drive, 7LM, EV 108.1 MPH)
|
Batting: LHB David Peralta
|
0-0: Ball 1-0: Called Strike 1-1: Called Strike 1-2: Foul Ball, location: 2F 1-2: Strikes out swinging
|
Batting: RHB Carson Kelly
|
0-0: Swinging Strike 0-1: Ground out U3 (Groundball, 3, EV 106.3 MPH) Giancarlo Stanton to third
|
Batting: RHB Scott Kingery
|
0-0: Intentional Walk
|
Batting: RHB Caleb Smith
|
0-0: Ball 1-0: Ball 2-0: Ball 3-0: Called Strike 3-1: Foul Ball, location: 2F 3-2: Foul Ball, location: 2F 3-2: Foul Ball, location: 2F 3-2: Foul Ball, location: 2F 3-2: Foul Ball, location: 2F 3-2: Base on Balls Scott Kingery to second
|
Batting: RHB A.J. Pollock
|
0-0: GRAND SLAM HOME RUN (Flyball, 7LD, EV 90.6 MPH), Distance : 355 ft
|
Pitching: RHP Edinson Volquez
|
|
Batting: RHB Wilmer Flores
|
0-0: Ball 1-0: Ball 2-0: Ball 3-0: Called Strike 3-1: Foul Ball, location: 2F 3-2: Base on Balls
|
Batting: SHB Ketel Marte
|
0-0: Ball 1-0: Ground out U3 (Groundball, 3, EV 103.8 MPH)
|
Bottom of the 4th over - 4 runs, 2 hits, 0 errors, 1 left on base; Colorado 1 - Philadelphia 5 |
TOP OF THE 5TH |
Colorado Rockies batting - Pitching for Philadelphia Phillies : LHP Caleb Smith
|
Batting: RHB Miguel Cabrera
|
0-0: Ball 1-0: Foul Ball, location: 2F 1-1: Ball 2-1: Ground out 6-3 (Groundball, 6, EV 84.4 MPH)
|
Batting: RHB Jake Rogers
|
0-0: Ball 1-0: Ball 2-0: Ball 3-0: Base on Balls
|
Batting: RHB Jorge Mateo
|
0-0: Swinging Strike 0-1: Foul Ball, location: 2F 0-2: Ball 1-2: Strikes out swinging
|
Batting: RHB Edinson Volquez
|
0-0: Ball 1-0: Ball 2-0: Called Strike 2-1: Foul Ball, location: 2F 2-2: Strikes out looking
|
Top of the 5th over - 0 runs, 0 hits, 0 errors, 1 left on base; Colorado 1 - Philadelphia 5 |
BOTTOM OF THE 5TH |
Philadelphia Phillies batting - Pitching for Colorado Rockies : RHP Edinson Volquez
|
Batting: RHB Justin Turner
|
0-0: Swinging Strike 0-1: Ball 1-1: Foul Ball, location: 2F 1-2: Strikes out swinging
|
Batting: RHB Giancarlo Stanton
|
0-0: Ball 1-0: Fly out, F6 (Line Drive, 6, EV 68.8 MPH)
|
Batting: LHB David Peralta
|
0-0: Ball 1-0: Fly out, F7 (Line Drive, 7, EV 85.6 MPH)
|
Bottom of the 5th over - 0 runs, 0 hits, 0 errors, 0 left on base; Colorado 1 - Philadelphia 5 |
TOP OF THE 6TH |
Colorado Rockies batting - Pitching for Philadelphia Phillies : LHP Caleb Smith
|
Batting: RHB Orlando Arcia
|
0-0: Fly out, F8 (Line Drive, 8LD, EV 92.5 MPH)
|
Batting: SHB Victor Reyes
|
0-0: Foul Ball, location: 2F 0-1: Swinging Strike 0-2: Foul Ball, location: 2F 0-2: Strikes out swinging
|
Batting: LHB Shohei Ohtani
|
0-0: Called Strike 0-1: Ball 1-1: Ball 2-1: SINGLE (Groundball, 6MD, EV 94.4 MPH)
|
Batting: LHB Josh VanMeter
|
0-0: Called Strike 0-1: Swinging Strike 0-2: Foul Ball, location: 2F 0-2: Fly out, F8 (Flyball, 8RM, EV 85.6 MPH)
|
Top of the 6th over - 0 runs, 1 hit, 0 errors, 1 left on base; Colorado 1 - Philadelphia 5 |
BOTTOM OF THE 6TH |
Philadelphia Phillies batting - Pitching for Colorado Rockies : RHP Edinson Volquez
|
Batting: RHB Carson Kelly
|
0-0: Ball 1-0: Ball 2-0: Ball 3-0: Base on Balls
|
Batting: RHB Scott Kingery
|
0-0: Called Strike 0-1: Foul Ball, location: 2F 0-2: Foul Ball, location: 2F 0-2: SINGLE (Line Drive, 4D, EV 105.0 MPH) Carson Kelly to second
|
Pinch Hitting: LHB Adam Haseley
|
0-0: Ball 1-0: Swinging Strike 1-1: Fly out, F5 (Popup, 15, EV 71.3 MPH)
|
Batting: RHB A.J. Pollock
|
0-0: Ball 1-0: Ball 2-0: Ball 3-0: Called Strike 3-1: Base on Balls Carson Kelly to third Scott Kingery to second
|
Batting: RHB Wilmer Flores
|
0-0: Ball 1-0: Fly out, F8 (Flyball, 8LS, EV 93.8 MPH)
|
Batting: SHB Ketel Marte
|
0-0: Ball 1-0: Ball 2-0: Ball 3-0: Base on Balls Carson Kelly scores Scott Kingery to third A.J. Pollock to second
|
Batting: RHB Justin Turner
|
0-0: Called Strike 0-1: SINGLE (Line Drive, 9S, EV 113.8 MPH) Scott Kingery scores A.J. Pollock to third Ketel Marte to second Runner from 3rd tries for Home, SAFE, throw by RF to home
|
Batting: RHB Giancarlo Stanton
|
0-0: Fly out, F9 (Flyball, 89M, EV 73.1 MPH)
|
Bottom of the 6th over - 3 runs, 2 hits, 0 errors, 2 left on base; Colorado 1 - Philadelphia 8 |
TOP OF THE 7TH |
Colorado Rockies batting - Pitching for Philadelphia Phillies : LHP Caleb Smith
|
Pitching: RHP Zack Godley
|
|
Batting: RHB Michael Brosseau
|
0-0: Ball 1-0: SINGLE (Groundball, 56D, EV 101.9 MPH) (infield hit)
|
Batting: RHB Miguel Cabrera
|
0-0: Called Strike Michael Brosseau steals 2nd base (no throw) 0-1: Called Strike 0-2: Ball 1-2: Foul Ball, location: 2F 1-2: Fly out, F4 (Line Drive, 4, EV 69.4 MPH)
|
Batting: RHB Jake Rogers
|
0-0: Called Strike 0-1: SINGLE (Line Drive, 8LS, EV 92.5 MPH) Michael Brosseau to third Runner from 3rd tries for Home, SAFE, throw by CF to home
|
Batting: RHB Jorge Mateo
|
0-0: SINGLE (Groundball, 56S, EV 69.4 MPH) (infield hit) Jake Rogers to second
|
Pinch Hitting: LHB CJ Alexander
|
0-0: Ball 1-0: Foul Ball, location: 2F 1-1: Fly out, F9 (Flyball, 89S, EV 88.1 MPH)
|
Batting: RHB Orlando Arcia
|
0-0: Foul Ball, location: 2F 0-1: Ball 1-1: Ball 2-1: Fly out, F9 (Flyball, 9, EV 96.3 MPH)
|
Top of the 7th over - 1 run, 3 hits, 0 errors, 2 left on base; Colorado 2 - Philadelphia 8 |
BOTTOM OF THE 7TH |
Philadelphia Phillies batting - Pitching for Colorado Rockies : RHP Edinson Volquez
|
Pitching: RHP Jason Hammel
|
|
Batting: LHB David Peralta
|
0-0: Ground out 4-3 (Groundball, 4MD, EV 106.9 MPH)
|
Batting: RHB Carson Kelly
|
0-0: DOUBLE (Line Drive, 9LD, EV 108.8 MPH)
|
Batting: RHB Scott Kingery
|
0-0: Ball 1-0: Ball 2-0: Swinging Strike 2-1: Ball 3-1: Swinging Strike 3-2: Strikes out swinging
|
Pinch Hitting: RHB Maikel Franco
|
0-0: SINGLE (Groundball, 56D, EV 108.8 MPH) Carson Kelly to third
|
Batting: RHB A.J. Pollock
|
0-0: Ball 1-0: Called Strike 1-1: Swinging Strike 1-2: Ball 2-2: Foul Ball, location: 2F 2-2: Foul Ball, location: 2F 2-2: Ball 3-2: Foul Ball, location: 2F 3-2: Base on Balls Maikel Franco to second
|
Batting: RHB Wilmer Flores
|
0-0: Called Strike 0-1: Ball 1-1: Foul Ball, location: 2F 1-2: Strikes out swinging
|
Bottom of the 7th over - 0 runs, 2 hits, 0 errors, 3 left on base; Colorado 2 - Philadelphia 8 |
TOP OF THE 8TH |
Colorado Rockies batting - Pitching for Philadelphia Phillies : RHP Zack Godley
|
Pitching: RHP Nick Nelson
|
|
Batting: SHB Victor Reyes
|
0-0: Called Strike 0-1: Fly out, F7 (Flyball, 7, EV 73.1 MPH)
|
Batting: LHB Shohei Ohtani
|
0-0: Ball 1-0: Called Strike 1-1: Called Strike 1-2: Strikes out swinging
|
Batting: LHB Josh VanMeter
|
0-0: Ball 1-0: Called Strike 1-1: Called Strike 1-2: Fly out, F5 (Popup, 5SF, EV 70.6 MPH)
|
Top of the 8th over - 0 runs, 0 hits, 0 errors, 0 left on base; Colorado 2 - Philadelphia 8 |
BOTTOM OF THE 8TH |
Philadelphia Phillies batting - Pitching for Colorado Rockies : RHP Jason Hammel
|
Batting: SHB Ketel Marte
|
0-0: Ground out 3-1 (Groundball, 34, EV 83.8 MPH)
|
Batting: RHB Justin Turner
|
0-0: Called Strike 0-1: Fly out, F8 (Flyball, 8LXD, EV 103.1 MPH)
|
Batting: RHB Giancarlo Stanton
|
0-0: Ball 1-0: Reached on error, E6 (Groundball, 6, EV 82.5 MPH)
|
Batting: LHB David Peralta
|
0-0: Ball 1-0: Called Strike 1-1: Ground out 1-3 (Groundball, 13, EV 68.8 MPH)
|
Bottom of the 8th over - 0 runs, 0 hits, 1 error, 1 left on base; Colorado 2 - Philadelphia 8 |
TOP OF THE 9TH |
Colorado Rockies batting - Pitching for Philadelphia Phillies : RHP Nick Nelson
|
Batting: RHB Michael Brosseau
|
0-0: Ball 1-0: Fly out, F8 (Flyball, 8RD, EV 100.6 MPH)
|
Batting: RHB Miguel Cabrera
|
0-0: Called Strike 0-1: Ball 1-1: Ball 2-1: Swinging Strike 2-2: SINGLE (Groundball, 4MD, EV 110.6 MPH)
|
Batting: RHB Jake Rogers
|
0-0: Ball 1-0: Ball 2-0: Called Strike 2-1: Ball 3-1: DOUBLE (Flyball, 78XD, EV 106.3 MPH) Miguel Cabrera to third
|
Batting: RHB Jorge Mateo
|
0-0: Foul Ball, location: 2F 0-1: Called Strike 0-2: Ball 1-2: Fly out, F9 (Flyball, 9D, EV 89.4 MPH) Runner from 3rd tags up, SCORES, no throw by RF
|
Pinch Hitting: LHB Nick Ciuffo
|
0-0: Called Strike 0-1: Called Strike 0-2: Ground out 6-3 (Groundball, 6, EV 78.1 MPH)
|
Top of the 9th over - 1 run, 2 hits, 0 errors, 1 left on base; Colorado 3 - Philadelphia 8 |
|